 Dungeon Sprint DCSS version 0.16-a0-3684-g951c262 (webtiles) character file.

172 Fv001 the Shield-Bearer (level 5, -2/47 HPs)
             Began as a Formicid Fighter on Jan 18, 2015.
             Was an Initiate of Okawaru.
             Slain by a white ugly thing (25 damage)
             ... in the Dungeon (Sprint IX: "|||||||||||||||||||||||||||||").
             The game lasted 00:02:07 (333 turns).

Fv001 the Shield-Bearer (Formicid Fighter)           Turns: 333, Time: 00:02:07

Health: -2/47      AC: 12    Str: 21    XL:     5   Next: 82%
Magic:  0/7        EV:  8    Int: 14    God:    Okawaru [......]
Gold:   0          SH: 10    Dex: 10    Spells: 0 memorised, 4 levels left

rFire  . . .     SeeInvis +     n - +2 morningstar of Mneumom {crush, +Fly}
rCold  . . .     Clarity  .     p - +1 chain mail
rNeg   . . .     SustAb   .     c - +0 shield
rPois  .         Gourm    .     (helmet unavailable)
rElec  .         Spirit   .     o - +0 cloak (curse)
rCorr  .         Warding  .     (no gloves)
rMut   .         Stasis   +     (no boots)
MR     .....                    (no amulet)
Stlth  ..........               r - +3 ring of intelligence
                                q - +3 ring of intelligence

@: not resistant to hostile enchantments, extremely unstealthy
A: permanent stasis, dig shafts and tunnels, four strong arms, antennae 3
a: Dig, Renounce Religion, Evoke Flight


You were in the Dungeon.
You worshipped Okawaru.
Okawaru was noncommittal.
You were not hungry.

You visited 1 branch

Inventory:

Hand weapons
 n - the +2 morningstar of Mneumom (weapon) {crush, +Fly}
   (You found it in the Dungeon)

   It inflicts extra damage upon your enemies.
   It lets you fly.
Armour
 c - a +0 shield (worn)
 o - a cursed +0 cloak (worn)
 p - a +1 chain mail (worn)
Jewellery
 q - a +3 ring of intelligence (left hand)
 r - a +3 ring of intelligence (right hand)
Magical devices
 m - a wand of cold (6)
Scrolls
 k - 3 scrolls of remove curse
 l - 2 scrolls of amnesia
Potions
 e - a potion of might
 f - a potion of invisibility
 g - 2 potions of heal wounds
 i - 4 potions of magic
 j - 4 potions of curing
Comestibles
 d - a bread ration
 h - 3 chunks of flesh


   Skills:
 + Level 6.8 Fighting
 + Level 4.3 Maces & Flails
 + Level 6.4 Armour
 + Level 3.4 Dodging
 + Level 7.3 Shields


You had 4 spell levels left.
You didn't know any spells.

Dungeon Overview and Level Annotations

Branches:
Dungeon (1/1)

Altars:
Cheibriados
Dithmenos
Elyvilon
Fedhas
Gozag
Kikubaaqudgha
Makhleb
Nemelex Xobeh
Okawaru
Qazlal
Ru
Sif Muna
Trog
Vehumet
Xom
Yredelemnul
Zin
The Shining One
Beogh
Jiyva
Lugonu


Innate Abilities, Weirdness & Mutations

You are under a permanent stasis effect.
You can dig through walls and to a lower floor.
Your four strong arms can wield two-handed weapons with a shield.
You have a pair of large antennae on your head (SInv).


Message History

You block the white ugly thing's attack.
You hit the white ugly thing but do no damage.
The white ugly thing is heavily wounded.
You block the white ugly thing's attack.
The eye of draining gazes at you.
You feel your power leaking away. The white ugly thing bites you.
The white ugly thing freezes you!
* * * LOW HITPOINT WARNING * * *
Drink which item? (? for menu, Esc to quit)
You feel much better.
You block the white ugly thing's attack.
You barely miss the white ugly thing.
The white ugly thing is moderately wounded.
The white ugly thing barely misses you.
Some of the chunks of flesh in your inventory have rotted away.
You hit the white ugly thing but do no damage.
The white ugly thing is moderately wounded.
The white ugly thing bites you! The white ugly thing freezes you!!
Ouch! That really hurt!
You die...

▓.▓
{
▓[▓
{
▓(▓
{ {
▓.▓
▓.▓
▓.▓
▓÷▓
▓.▓
▓@▓
▓u▓
▓Z▓
▓o▓
▓G▓
▓c▓
▓u▓
▓.▓
▓+▓


You could see 2 ugly things, a centaur warrior, an eye of draining, an orc and
an adder zombie.

Vanquished Creatures
  An eye of draining (D)
  A jelly (D)
  A worker ant (D)
  A mummy (D)
  An adder (D)
  A giant gecko (D)
  A giant cockroach (D)
  A goblin (D)
  4 hobgoblins (D)
  A quokka (D)
  A kobold (D)
  2 rats (D)
16 creatures vanquished.

Notes
Turn   | Place    | Note
--------------------------------------------------------------
     0 | D        | Fv001, the Formicid Fighter, began the quest for the Orb.
     0 | D        | Reached XP level 1. HP: 18/18 MP: 1/1
    14 | D        | Reached skill level 4 in Armour
   121 | D        | Noticed a worker ant
   125 | D        | Reached XP level 2. HP: 22/25 MP: 3/3
   151 | D        | Killed a worker ant
   151 | D        | Reached skill level 1 in Dodging
   151 | D        | Reached skill level 5 in Shields
   151 | D        | Reached XP level 3. HP: 20/31 MP: 4/4
   159 | D        | Found a glowing silver altar of Zin.
   159 | D        | Found a glowing golden altar of the Shining One.
   159 | D        | Found an ancient bone altar of Kikubaaqudgha.
   159 | D        | Found a basalt altar of Yredelemnul.
   159 | D        | Found a shimmering altar of Xom.
   159 | D        | Found a radiant altar of Vehumet.
   159 | D        | Found an iron altar of Okawaru.
   160 | D        | Found a burning altar of Makhleb.
   161 | D        | Found a deep blue altar of Sif Muna.
   162 | D        | Found a bloodstained altar of Trog.
   163 | D        | Found a sparkling altar of Nemelex Xobeh.
   164 | D        | Found a white marble altar of Elyvilon.
   165 | D        | Found a roughly hewn altar of Beogh.
   166 | D        | Found a viscous altar of Jiyva.
   167 | D        | Found a corrupted altar of Lugonu.
   168 | D        | Became a worshipper of Warmaster Okawaru
   169 | D        | Found a blossoming altar of Fedhas.
   170 | D        | Found a snail-covered altar of Cheibriados.
   171 | D        | Found a shadowy altar of Dithmenos.
   172 | D        | Found a stormy altar of Qazlal.
   173 | D        | Found an opulent altar of Gozag.
   174 | D        | Found a sacrificial altar of Ru.
   194 | D        | Got the +2 morningstar of Mneumom {crush, +Fly}
   255 | D        | Noticed an eye of draining
   255 | D        | Noticed a jelly
   256 | D        | Killed a jelly
   256 | D        | Reached skill level 5 in Fighting
   256 | D        | Reached skill level 5 in Armour
   256 | D        | Reached XP level 4. HP: 36/39 MP: 5/5
   258 | D        | Reached skill level 6 in Shields
   261 | D        | Killed an eye of draining
   261 | D        | Reached skill level 7 in Shields
   261 | D        | Reached XP level 5. HP: 41/47 MP: 0/7
   325 | D        | Noticed a white ugly thing
   325 | D        | Noticed an eye of draining
   325 | D        | Noticed a centaur warrior
   325 | D        | Noticed a green ugly thing
   333 | D        | Slain by a white ugly thing

Action                   |  1- 3 |  4- 6 || total
-------------------------+-------+-------++-------
Melee: Flail             |    42 |       ||    42
       Morningstar       |       |    19 ||    19
Evoke: Wand              |       |     1 ||     1
  Use: Potion            |     1 |     1 ||     2
